 Dungeon Sprint DCSS version 0.27.1-33-g824d729ab1 (webtiles) character file.

Game seed: 7712480340091049363

1927 Hipnos the Imperceptible (level 8, -3/36 HPs)
             Began as a Spriggan Enchanter on Nov 25, 2021.
             Was a Follower of Dithmenos.
             Slain by an orange demon (4 damage)
             ... summoned by a kobold demonologist
             ... while paralysed by a floating eye
             ... in the Dungeon (Sprint I: "Red Sonja").
             The game lasted 00:03:23 (637 turns).

Hipnos the Imperceptible (Spriggan Enchanter)        Turns: 637, Time: 00:03:25

Health: -3/36      AC:  2    Str:  4    XL:     8   Next: 96%
Magic:  6/13       EV:  4    Int: 16    God:    Dithmenos [*.....]
Gold:   835        SH:  0    Dex: 18    Spells: 9/12 levels left

rFire    . . .     SeeInvis +   a - +1 dagger
rCold    . . .     Faith    .   (shield restricted)
rNeg     . . .     Spirit   .   b - +0 robe
rPois    .         Reflect  .   (helmet restricted)
rElec    .         Harm     .   (no cloak)
rCorr    .         Rampage  .   (gloves unavailable)
Will     ++...     NoTele   +   (boots unavailable) Stlth *+++++++++
                                (no amulet)
HPRegen  0.12/turn              m - ring of willpower
MPRegen  0.13/turn              (no ring)

@: paralysed, lethally poisoned (-3 -> -15), very slightly contaminated,
wreathed by umbra, very quick
A: very small, no large weapons, unfitting armour, see invisible, speed 3
a: Renounce Religion


You were in the Dungeon.
You worshipped Dithmenos.
Dithmenos was aware of your devotion.
You visited 1 branch You collected 835 gold pieces.

Inventory:

Hand Weapons
 a - a +1 dagger (weapon)
Armour
 b - a +0 robe (worn)
Jewellery
 m - a ring of willpower (left hand)
Wands
 g - a wand of flame (11)
Scrolls
 h - a scroll of blinking
 j - a scroll of enchant armour {unknown}
 k - a scroll of identify {unknown}
 n - a scroll of amnesia {unknown}
Potions
 c - 5 potions of curing
 d - a potion of heal wounds
 e - a potion of haste
 f - 2 potions of magic
 i - 2 potions of flight {unknown}
 l - a potion of lignification {unknown}


   Skills:
 - Level 1.1 Short Blades
 + Level 9.5 Dodging
 * Level 25.0 Stealth
 - Level 2.6 Spellcasting
 - Level 3.6 Hexes
 - Level 0.6 Ice Magic


You had 9 spell levels left.
You knew the following spells:

 Your Spells              Type           Power      Damage    Failure   Level
a - Corona                Hex            14%        N/A       4%          1
b - Ensorcelled Hibernat  Hex/Ice        16%        N/A       12%         2

Your spell library contained the following spells:

 Spells                   Type           Power      Damage    Failure   Level
 Confusing Touch          Hex            13%        N/A       13%         3
 Tukima's Dance           Hex            13%        N/A       13%         3
 Dazzling Flash           Conj/Hex       14%        N/A       28%         3


Dungeon Overview and Level Annotations

Branches:
Dungeon (1/1)

Altars:
Cheibriados
Dithmenos
Elyvilon
Fedhas
Gozag
Hepliaklqana
Kikubaaqudgha
Makhleb
Nemelex Xobeh
Okawaru
Qazlal
Ru
Sif Muna
Trog
Uskayaw
Vehumet
Wu Jian
Xom
Yredelemnul
Zin
The Shining One
Jiyva
Lugonu

Shops:
D *=[


Innate Abilities, Weirdness & Mutations

You are very small and have problems with some larger weapons.
You are too small for most types of armour.
You have supernaturally acute eyesight. (SInv)
You cover ground extremely quickly. (Speed+++)


Message History

Press: ? - help, Shift-Dir - straight line, f/p - kobold demonologist
Aim: a kobold demonologist, wielding a +0 dagger and wearing a +0 robe (umbra, chance to affect: 23%)
You miscast Ensorcelled Hibernation.
Nothing appears to happen.
The kobold demonologist closely misses you.
The kobold demonologist hits you with a +0 dagger.
Casting: Ensorcelled Hibernation (safe; 12% risk of failure)
Confirm with . or Enter, or press ? or * to list all spells.
Aiming: Ensorcelled Hibernation (safe; 12% risk of failure)
Press: ? - help, Shift-Dir - straight line, f/p - kobold demonologist
Aim: a kobold demonologist, wielding a +0 dagger and wearing a +0 robe (umbra, chance to affect: 23%)
The kobold demonologist looks drowsy...
The kobold demonologist misses you.
The helpless kobold demonologist fails to defend itself.
You spit the kobold demonologist like a pig!!!!
You kill the kobold demonologist!
Dithmenos accepts your kill.
The kobold demonologist gestures wildly while chanting.
Your Stealth skill increases to level 25!
Casting: Ensorcelled Hibernation (safe; 12% risk of failure)
Confirm with . or Enter, or press ? or * to list all spells.
Aiming: Ensorcelled Hibernation (safe; 12% risk of failure)
Press: ? - help, Shift-Dir - straight line, f - kobold demonologist
Aim: a kobold demonologist, wielding a +0 dagger and wearing a +0 robe (umbra, chance to affect: 23%)
The kobold demonologist looks drowsy...
The floating eye gazes piercingly through you!
You suddenly lose the ability to move!
The orange demon stings you from afar. The floating eye seems to glare at you.
The orange demon stings you from afar!
The kobold demonologist mumbles some strange words.
The floating eye gazes piercingly through you!
You shrug off the repeated paralysis!
The orange demon stings you from afar!
* * * LOW HITPOINT WARNING * * *
You are lethally poisoned!
The orange demon poisons you!
* * * LOW HITPOINT WARNING * * *
You feel very sick.
The kobold demonologist hits you with a +0 dagger.
* * * LOW HITPOINT WARNING * * *
The floating eye seems to glare at you. The orange demon stings you from afar.
You die...

####################
'..#.)'..#__#..4.K.#
#.)'..#..'..'..#@G4#
##'#####'#__####)..+
#..#...#(#### #####
####..##.#
___##'#_.+
∩..÷'..._#
.__##_.#'##+###
___###'#(#....###
######.####'###[##


You could see an orange demon (summoned), a kobold demonologist, a red devil
(summoned) and a floating eye (charged).

Vanquished Creatures
  Sonja (D)
  A deep troll (D)
  A kobold demonologist (D)
  A slime creature (D)
  Sigmund (D)
  A yak (D)
  An ogre (D)
  A jelly (D)
  Ijyb (D)
9 creatures vanquished.

Vanquished Creatures (others)
  2 ballistomycete spores (D)
2 creatures vanquished.

Grand Total: 11 creatures vanquished

Notes
Turn   | Place    | Note
-------+----------+-------------------------------------------
     0 | D        | Hipnos the Spriggan Enchanter began the quest for the Orb.
     0 | D        | Reached XP level 1. HP: 9/9 MP: 5/5
     1 | D        | Noticed Ijyb
     9 | D        | Killed Ijyb
    10 | D        | Reached skill level 9 in Stealth
    10 | D        | Reached XP level 2. HP: 13/13 MP: 4/6
    43 | D        | Learned a level 2 spell: Ensorcelled Hibernation
    54 | D        | Noticed an ogre
    60 | D        | Killed an ogre
    61 | D        | Reached skill level 5 in Dodging
    61 | D        | Reached skill level 13 in Stealth
    61 | D        | Reached XP level 3. HP: 5/16 MP: 2/8
    61 | D        | Reached XP level 4. HP: 7/21 MP: 2/9
   256 | D        | Noticed Sigmund
   259 | D        | Killed Sigmund
   260 | D        | Reached skill level 16 in Stealth
   260 | D        | Reached XP level 5. HP: 24/24 MP: 10/10
   272 | D        | Found an ornate altar of the Wu Jian Council.
   272 | D        | Found a shimmering blue altar of Sif Muna.
   274 | D        | Found a radiant altar of Vehumet.
   279 | D        | Reached skill level 17 in Stealth
   279 | D        | Reached XP level 6. HP: 28/28 MP: 11/11
   281 | D        | Found Niodiw's Jewellery Emporium.
   281 | D        | Found an ancient bone altar of Kikubaaqudgha.
   281 | D        | Found a hazy altar of Hepliaklqana.
   281 | D        | Found a stormy altar of Qazlal.
   281 | D        | Found a hide-covered altar of Uskayaw.
   281 | D        | Found a blossoming altar of Fedhas.
   281 | D        | Found a bloodstained altar of Trog.
   281 | D        | Found an iron altar of Okawaru.
   281 | D        | Found a basalt altar of Yredelemnul.
   281 | D        | Found a glowing golden altar of the Shining One.
   281 | D        | Found a snail-covered altar of Cheibriados.
   281 | D        | Found a sacrificial altar of Ru.
   281 | D        | Found a glowing silver altar of Zin.
   281 | D        | Found a shadowy altar of Dithmenos.
   281 | D        | Found a white marble altar of Elyvilon.
   281 | D        | Noticed a yak
   282 | D        | Found an opulent altar of Gozag.
   283 | D        | Killed a yak
   284 | D        | Reached skill level 19 in Stealth
   284 | D        | Found a sparkling altar of Nemelex Xobeh.
   290 | D        | Became a worshipper of Dithmenos the Shadowed
   398 | D        | Noticed Sonja
   402 | D        | Killed Sonja
   403 | D        | Reached skill level 22 in Stealth
   403 | D        | Reached XP level 7. HP: 32/32 MP: 12/12
   403 | D        | Reached XP level 8. HP: 36/36 MP: 13/13
   416 | D        | Noticed a deep troll
   420 | D        | Killed a deep troll
   421 | D        | Reached skill level 24 in Stealth
   430 | D        | Found Okhlifaj's Armour Emporium.
   467 | D        | Found Fookobon's General Store.
   612 | D        | Found a burning altar of Makhleb.
   612 | D        | Found a viscous altar of Jiyva.
   612 | D        | Found a shimmering altar of Xom.
   612 | D        | Found a corrupted altar of Lugonu.
   612 | D        | Noticed a slime creature
   615 | D        | Killed a slime creature
   615 | D        | Reached * piety under Dithmenos
   627 | D        | Noticed a kobold demonologist
   628 | D        | Noticed a kobold demonologist
   633 | D        | Killed a kobold demonologist
   634 | D        | Reached skill level 25 in Stealth
   634 | D        | Noticed an orange demon
   634 | D        | Paralysed by a floating eye for 4 turns
   637 | D        | Noticed a red devil
   637 | D        | HP: 1/36 [kobold demonologist (3)]
   637 | D        | Slain by an orange demon

Illustrated notes

Levels and vault maps discovered:
D:        dungeon_sprint_1 [red_sonja_temple_1, red_sonja_temple_small_1]

Skill      XL: |  1  2  3  4  5  6  7  8 |
---------------+-------------------------+-----
Dodging        | 4 5 6 8 9 |  9.5
Stealth        | 9 13 16 17 22 25 | 25.0
Short Blades   | |  1.1
Spellcasting   | |  2.6
Hexes          | |  3.6
Ice Magic      | |  0.6

Action                   |  1- 3 |  4- 6 |  7- 9 || total
-------------------------+-------+-------+-------++-------
Melee: Dagger            |     8 |     4 |     3 ||    15
 Cast: Corona            |     1 |       |       ||     1
       Ensorcelled Hiber |     2 |       |     2 ||     4
  Use: Potion            |     1 |       |       ||     1
 Stab: Sleeping          |     1 |     4 |     3 ||     8
Armor: Robe              |     1 |       |       ||     1
Dodge: Dodged            |     4 |       |     3 ||     7
